 Dungeon Crawl Stone Soup version 0.28.0-47-ge53b351184 (webtiles) character file.

Game seed: 1107152261181150739

16273 NinjaNoafa the Fighter (level 12, -3/105 HPs)
             Began as a Minotaur Fighter on May 2, 2022.
             Was an Elder of the Shining One.
             Slain by a cyclops (15 damage)
             ... on level 14 of the Dungeon.
             The game lasted 00:35:31 (16001 turns).

NinjaNoafa the Fighter (Minotaur Fighter)          Turns: 16001, Time: 00:35:32

Health: -3/105     AC: 15    Str: 24    XL:     12   Next: 8%
Magic:  16/16      EV: 12    Int:  5    God:    the Shining One [****..]
Gold:   1049       SH:  8    Dex: 12    Spells: 11/11 levels left

rFire   + + .      SeeInvis .   a - +3 war axe (venom)
rCold   + + .      Faith    .   c - +2 buckler
rNeg    + + .      Spirit   .   z - +2 ring mail {rPois}
rPois   +          Reflect  .   (helmet unavailable)
rElec   .          Harm     .   k - scarf {rC+ rF+}
rCorr   .          Rampage  .   L - +2 pair of gloves {Stlth+}
Will    +....                   g - +2 pair of boots
Stlth   +.........              (no amulet)
HPRegen 0.27/turn               i - ring of protection from fire
MPRegen 0.15/turn               s - ring of willpower

@: glowing
A: horns 3, retaliatory headbutt, cold resistance 1, MP-powered wands
a: Renounce Religion, Divine Shield, Cleansing Flame


You were on level 14 of the Dungeon.
You worshipped the Shining One.
The Shining One was greatly pleased with you.
You visited 1 branch of the dungeon, and saw 14 of its levels.

You collected 1049 gold pieces.

Inventory:

Hand Weapons
 a - a +3 war axe of venom (weapon)
 m - a +2 whip of holy wrath
 r - a +4 dire flail of venom
 w - a +6 hunting sling of flaming
Missiles
 d - 36 poisoned darts (quivered)
 o - 7 curare-tipped darts
 q - 15 boomerangs
 t - an atropa-tipped dart
 u - 3 javelins
 x - 105 sling bullets
 E - 2 silver boomerangs
 F - a throwing net
Armour
 c - a +2 buckler (worn)
 g - a +2 pair of boots (worn)
 k - a scarf of resistance (worn)
 p - a +0 plate armour
 z - a +2 ring mail of poison resistance (worn)
 L - a +2 pair of gloves of stealth (worn)
Jewellery
 i - a ring of protection from fire (left hand)
 s - a ring of willpower (right hand)
Wands
 b - a wand of polymorph (8)
Scrolls
 e - 2 scrolls of immolation
 f - 2 scrolls of fog
 n - a scroll of blinking
 y - a scroll of torment
 B - a scroll of identify
 J - a scroll of magic mapping
Potions
 h - 4 potions of mutation
 j - a potion of flight
 l - 2 potions of magic
 v - a potion of curing
 A - 2 potions of brilliance
 C - a potion of haste
 G - a potion of invisibility


   Skills:
 + Level 9.4 Fighting
 + Level 7.9(9.0) Axes
 - Level 6.5(8.3) Maces & Flails
 + Level 7.7(8.1) Slings
 - Level 3.0(5.4) Throwing
 + Level 9.4 Armour
 - Level 5.0 Dodging
 - Level 2.8 Stealth
 + Level 8.0 Shields
 + Level 7.8 Invocations
 - Level 5.0 Evocations


You had 11 spell levels left.
You didn't know any spells.
Your spell library contained the following spells:

 Spells                   Type           Power      Damage    Failure   Level
 Foxfire                  Conj/Fire      0%         2x1d4     67%         1
 Freeze                   Ice            0%         1d3       67%         1
 Magic Dart               Conj           0%         1d3       67%         1
 Sandblast                Erth           0%         2d4       67%         1
 Sting                    Tmut/Pois      0%         1d3       67%         1
 Passwall                 Tmut/Erth      0%         N/A       82%         2
 Searing Ray              Conj           0%         2d4       82%         2
 Static Discharge         Conj/Air       0%         N/A       82%         2
 Frozen Ramparts          Ice            0%         1d2       96%         3
 Mephitic Cloud           Conj/Pois/Air  0%         N/A       96%         3
 Stone Arrow              Conj/Erth      0%         3d7       96%         3
 Dispel Undead            Necr           0%         3d6       100%        4
 Fulminant Prism          Conj/Hex       0%         3d6       100%        4
 Hailstorm                Conj/Ice       0%         3d3       100%        4
 Sticky Flame             Conj/Fire      0%         2d3       100%        4
 Eringya's Noxious Bog    Tmut/Pois      0%         N/A       100%        6


Dungeon Overview and Level Annotations

Branches:
Dungeon (14/15)            Temple (0/1) D:6            Lair (0/6) D:9
    Orc (0/2) D:11
 Vaults: D:13-14

Altars:
Ashenzari
Fedhas
Gozag
Hepliaklqana
Kikubaaqudgha
Nemelex Xobeh
Vehumet
Yredelemnul
The Shining One


Innate Abilities, Weirdness & Mutations

You have a pair of large horns on your head.
You reflexively headbutt those who attack you in melee.
Your flesh is cold resistant. (rC+)
You expend magic power (3 MP) to strengthen your wands.


Message History

You see here a scroll of enchant weapon.
D - a scroll of enchant weapon The harpy screeches!
You block the harpy's attack. The harpy claws you but does no damage.
The green ugly thing stings you.
You don't have any unidentified items.
The harpy claws you but does no damage. You block the harpy's attack.
The green ugly thing stings you. The harpy claws you.
The harpy barely misses you.
As you read the scroll of enchant weapon, it crumbles to dust.
Your +2 war axe of venom glows red for a moment.
The harpy closely misses you. x2; The green ugly thing stings you.
* * * LOW HITPOINT WARNING * * *
The harpy screeches!
The green ugly thing basks in the mutagenic energy from its kin and changes!
The harpy closely misses you. You furiously retaliate!
You headbutt the harpy. The harpy closely misses you. The harpy misses you.
You block the harpy's attack.
You barely miss the harpy. You headbutt the harpy!
The harpy is moderately wounded.
The harpy claws you but does no damage. You block the harpy's attack. x2
The harpy completely misses you. The harpy closely misses you.
You furiously retaliate!
You headbutt the harpy! The harpy claws you but does no damage.
You hit the harpy.
The harpy is severely wounded.
You slash the cyclops! The harpy completely misses you.
You furiously retaliate!
You headbutt the harpy!
You kill the harpy!
The cyclops hits you!!
* * * LOW HITPOINT WARNING * * *
Your Shields skill increases to level 8!
You slash the cyclops!
The cyclops is almost dead.
You slash the green ugly thing! You hit the cyclops.
The cyclops is poisoned.
The cyclops is almost dead.
You hit the purple ugly thing but do no damage.
The purple ugly thing is poisoned.
The cyclops hits you!
You die...

...
#.#.............. .
#.#..............
...#.#...........$..
.......(...........#
......(.......##.##
.....(.......u#
....(.......uu##
...........##uC#
...........##@.#
.(....#....#...#
......##<..##..#
...... ###.#....
..... .....## .#....
........


You could see 4 ugly things and a cyclops (very poisoned).

Vanquished Creatures
  A hydra (D:13)
  2 two-headed ogres
  A harpy (shapeshifter) (D:14)
  A deep elf pyromancer (D:13)
  An ugly thing (D:14)
  Joseph (D:7)
  A salamander (shapeshifter) (D:9)
  2 manticores
  2 cyclopes
  2 gargoyles
  2 komodo dragons (D:12)
  A kobold demonologist (D:10)
  2 trolls
  2 vampires
  3 wraiths
  A wyvern (D:9)
  11 yaks
  A human (D:13)
  2 steam dragons
  5 vampire mosquitoes
  2 acid dragons
  Edmund (D:6)
  2 water moccasins
  A floating eye (shapeshifter) (D:9)
  A black bear (D:6)
  6 orc warriors
  2 ice beasts
  An ogre (D:5)
  6 centaurs
  A phantom (D:7)
  8 kobold brigands
  A bullfrog (shapeshifter) (D:13)
  A bullfrog (D:9)
  2 scorpions
  A water moccasin zombie (D:6)
  2 wyvern skeletons (D:5)
  15 killer bees
  2 wights (D:9)
  2 howler monkeys (D:11)
  4 centaur zombies
  5 hounds
  2 jellies
  10 orc priests
  A gnoll shaman (D:6)
  2 centaur skeletons (D:6)
  16 orc wizards
  An iguana (D:6)
  Robin (D:3)
  8 gnolls
  8 adders
  A white imp (D:4)
  2 ufetubi (D:5)
  An adder skeleton (D:4)
  4 worms
  2 dart slugs
  62 orcs
  5 endoplasms
  2 giant cockroaches
  14 goblins
  13 hobgoblins
  7 jackals
  31 kobolds
  7 quokkas
  3 ball pythons
  8 bats
  4 frilled lizards
  4 hobgoblin zombies (D:4)
  2 kobold skeletons (D:4)
  3 kobold zombies (D:4)
  An orc skeleton (D:4)
  An orc zombie (D:4)
  A rat (D:3)
  A bush (D:2)
338 creatures vanquished.

Vanquished Creatures (others)
  A human (D:13)
  2 kobolds (D:7)
  A plant (D:2)
4 creatures vanquished.

Grand Total: 342 creatures vanquished

Notes
Turn   | Place    | Note
-------+----------+-------------------------------------------
     0 | D:1      | NinjaNoafa the Minotaur Fighter began the quest for the
                  | Orb.
     0 | D:1      | Reached XP level 1. HP: 19/19 MP: 0/0
   197 | D:1      | Reached XP level 2. HP: 27/27 MP: 1/1
   579 | D:2      | Reached XP level 3. HP: 26/33 MP: 2/2
   824 | D:2      | Found a faded altar of an unknown god.
  1355 | D:2      | Reached XP level 4. HP: 41/41 MP: 3/3
  1665 | D:3      | Noticed Robin
  1671 | D:3      | Killed Robin
  2022 | D:3      | Reached skill level 5 in Fighting
  2027 | D:3      | Reached skill level 5 in Armour
  2183 | D:3      | Reached XP level 5. HP: 48/48 MP: 4/4
  2487 | D:3      | Found a sparkling altar of Nemelex Xobeh.
  2738 | D:3      | Found a blossoming altar of Fedhas.
  2903 | D:3      | Found an ancient bone altar of Kikubaaqudgha.
  3289 | D:4      | Gained mutation: You have a pair of large horns on your
                  | head. [potion of mutation]
  3289 | D:4      | Gained mutation: Your flesh is cold resistant. (rC+)
                  | [potion of mutation]
  3289 | D:4      | Gained mutation: You expend magic power (3 MP) to
                  | strengthen your wands. [potion of mutation]
  3297 | D:4      | Reached XP level 6. HP: 54/56 MP: 5/5
  3605 | D:4      | Found a glowing golden altar of the Shining One.
  3620 | D:4      | Became a worshipper of the Shining One
  3792 | D:5      | Entered Level 5 of the Dungeon
  4048 | D:5      | Reached XP level 7. HP: 62/62 MP: 6/6
  4255 | D:5      | Reached skill level 1 in Invocations
  4794 | D:5      | Reached * piety under the Shining One
  5314 | D:5      | Reached skill level 5 in Invocations
  5730 | D:6      | Noticed a two-headed ogre
  6016 | D:7      | Reached XP level 8. HP: 64/70 MP: 10/10
  6167 | D:7      | Reached skill level 5 in Shields
  6405 | D:7      | Reached skill level 5 in Axes
  6452 | D:6      | Killed a two-headed ogre
  6453 | D:6      | Reached XP level 9. HP: 53/79 MP: 12/12
  6694 | D:6      | Found a staircase to the Ecumenical Temple.
  7461 | D:6      | Noticed Edmund
  7472 | D:6      | Killed Edmund
  7516 | D:6      | Found an opulent altar of Gozag.
  7600 | D:6      | Reached ** piety under the Shining One
  7605 | D:6      | Reached skill level 1 in Maces & Flails
  7919 | D:7      | Noticed Joseph
  7932 | D:7      | Killed Joseph
  8558 | D:7      | Reached skill level 5 in Maces & Flails
  9062 | D:7      | Reached skill level 1 in Evocations
  9433 | D:8      | Noticed a two-headed ogre
  9470 | D:8      | Killed a two-headed ogre
  9471 | D:8      | Reached XP level 10. HP: 48/88 MP: 13/13
  9482 | D:8      | Reached skill level 5 in Evocations
 10153 | D:9      | Found a staircase to the Lair.
 10793 | D:9      | Found a broken altar of Ashenzari.
 10815 | D:9      | Reached skill level 1 in Dodging
 10972 | D:9      | Found a hazy altar of Hepliaklqana.
 11059 | D:9      | Noticed a salamander
 11078 | D:9      | Noticed an anaconda
 11078 | D:9      | a merfolk changed into an anaconda
 11084 | D:9      | Reached skill level 5 in Dodging
 11085 | D:9      | Reached skill level 1 in Slings
 11867 | D:9      | Noticed a deep troll
 11873 | D:9      | a deep troll changed into a shapeshifter
 11873 | D:9      | Noticed a salamander
 11873 | D:9      | a shapeshifter changed into a salamander
 11878 | D:9      | Killed a salamander
 12000 | D:10     | Entered Level 10 of the Dungeon
 12008 | D:10     | Reached XP level 11. HP: 94/94 MP: 15/15
 12051 | D:10     | You fall into a shaft and drop 1 floor!
 12057 | D:11     | Reached skill level 5 in Slings
 12072 | D:10     | Reached *** piety under the Shining One
 12099 | D:10     | Found a radiant altar of Vehumet.
 12534 | D:10     | Found a basalt altar of Yredelemnul.
 13515 | D:11     | Found a staircase to the Orcish Mines.
 14346 | D:12     | Got the Guide on Flamy Intoxication
 14373 | D:12     | Reached **** piety under the Shining One
 15088 | D:13     | Noticed a four-headed hydra
 15094 | D:13     | Killed a four-headed hydra
 15231 | D:13     | Noticed a vault guard
 15231 | D:13     | Noticed a vault guard
 15231 | D:13     | Noticed a vault guard
 15231 | D:13     | Noticed a vault guard
 15237 | D:13     | Noticed a vault guard
 15577 | D:13     | Noticed a deep elf pyromancer
 15585 | D:13     | Killed a deep elf pyromancer
 15632 | D:13     | Noticed a vault guard
 15731 | D:14     | Reached XP level 12. HP: 51/104 MP: 16/16
 16001 | D:14     | Slain by a cyclops

Illustrated notes

Levels and vault maps discovered:
D:1:      dpeg_arrival_orchard, layout_rooms
D:2:      layout_basic, shapermc_ecumenical_altar_starsandcircs, serial_forest,
          infiniplex_forest_lined_3, infiniplex_forest_lined_room_2,
          infiniplex_forest_straight_3, infiniplex_forest_straight_4,
          infiniplex_forest_straight_1, infiniplex_forest_corner_2,
          infiniplex_forest_clump_medium
D:3:      layout_basic, grunt_temple_overflow_growth_and_decay,
          nemelex_spade_bored_becter, minmay_fractal_squares_5, uniq_robin
D:4:      layout_rooms, nicolae_tso_besieged_by_evil
D:5:      layout_cave_pods, corexii_checkpoint_b, roderic_lattice_a
D:6:      layout_basic, general_overflow_altar, temple_pool_b,
          minmay_misc_feat_doors, chequers_serial_rivers_small_b,
          kennysheep_doodads, uniq_edmund
D:7:      layout_loops_cross, minivault_27, minmay_misc_feat_alley, uniq_joseph
D:8:      layout_basic, special_room [special_room_orc]
D:9:      minmay_chambers_of_sevens, layout_irregular_city,
          kennysheep_little_box, cheibrodos_ashenzari_chains, serial_glass,
          glass_columns_b, glass_columns_b, glass_columns_c, glass_columns_a
D:10:     layout_cave_pods, amcnicky_altar_gilded, kennysheep_mini
D:11:     layout_rooms, hiddenorc1_lemuel
D:12:     layout_long_grid
D:13:     layout_irregular_city, ximxim_vaults_locker_room
D:14:     layout_cave_pools, minivault_11

Skill      XL: |  1  2  3  4  5  6  7  8  9 10 11 12 |
---------------+-------------------------------------+-----
Fighting       | 4 5 6 7 8 9 |  9.4
Armour         | 4 5 6 7 8 9 |  9.4
Axes           | 3 4 5 6 7 |  7.9
Shields        | 4 6 7 8 |  8.0
Throwing       | 2 3 |  3.0
Invocations    | 5 6 7 |  7.8
Maces & Flails | 5 6 |  6.5
Evocations     | 4 5 |  5.0
Dodging        | 5 |  5.0
Slings         | 4 7 |  7.7
Stealth        | 2 |  2.8

Action                   |  1- 3 |  4- 6 |  7- 9 | 10-12 || total
-------------------------+-------+-------+-------+-------++-------
Melee: War axe           |    87 |   144 |   100 |    42 ||   373
       Headbutt          |     9 |    26 |    32 |    27 ||    94
       Dire flail        |       |       |    41 |    84 ||   125
       Unarmed           |       |       |     3 |       ||     3
       Whip              |       |       |     1 |     7 ||     8
 Fire: Hunting sling     |       |       |       |   220 ||   220
Throw: Dart              |       |    20 |    12 |     7 ||    39
       Javelin           |       |    19 |    15 |       ||    34
       Boomerang         |       |       |       |     3 ||     3
Invok: Divine Shield     |       |       |     1 |     2 ||     3
       Cleansing Flame   |       |       |       |     1 ||     1
Evoke: Wand              |       |       |     1 |    11 ||    12
  Use: Potion            |       |     7 |     6 |     9 ||    22
       Scroll            |       |       |    13 |    19 ||    32
Armor: Scale mail        |    39 |       |       |       ||    39
       Chain mail        |     6 |    95 |    64 |       ||   165
       Skin              |       |    16 |       |       ||    16
       Plate armour      |       |       |    30 |       ||    30
       Ring mail         |       |       |    16 |   169 ||   185
Dodge: Dodged            |    41 |    63 |    70 |   233 ||   407
Block: Buckler           |    24 |    41 |    38 |    45 ||   148
       Other             |       |       |       |    24 ||    24
